 Dungeon Crawl Stone Soup version 0.31-a0-325-g067879e3d3 (webtiles) character file.

Game seed: 11366650764349607663

3108 Grim the Fighter (level 9, 0/110 HPs)
             Began as an Ogre Berserker on July 18, 2023.
             Was an Elder of Trog.
             Slain by a worldbinder (4 damage)
             ... on level 1 of the Abyss.
             The game lasted 00:10:28 (7954 turns).

Grim the Fighter (Ogre Berserker)                   Turns: 7954, Time: 00:10:28

Health: 0/110      AC:  3    Str: 31    XL:     9   Next: 90%
Magic:  9/9        EV: 16    Int:  8    God:    Trog [****..]
Gold:   102        SH:  0    Dex: 10    Spells: 8/8 levels left

rFire   . . .        x - +3 morningstar (freeze)
rCold   . . .        (no shield)
rNeg    . . .        H - +0 robe
rPois   .            (helmet restricted)
rElec   .            (no cloak)
rCorr   .            (gloves unavailable)
SInv    .            (boots unavailable)
Will    .....        q - amulet of faith
Stlth   +            t - +6 ring of strength
HPRegen 0.38/turn    y - +5 ring of evasion
MPRegen 0.11/turn

%: faith
@: lethally poisoned (0 -> -9)
A: large, unfitting armour, tough skin 1
a: Renounce Religion, Berserk, Trog's Hand, Brothers in Arms


You were on level 1 of the Abyss.
You worshipped Trog.
Trog was greatly pleased with you.
You visited 1 branch of the dungeon, and saw 8 of its levels.
You visited the Abyss 1 time.

You collected 284 gold pieces.
You spent 182 gold pieces at shops.

Inventory:

Hand Weapons
 a - a +0 mace
 m - a +2 vampiric whip
 v - a +0 giant club
 x - a +3 morningstar of freezing (weapon)
Missiles
 k - 20 poisoned darts
 D - a throwing net
Armour
 b - a +0 animal skin
 H - a +0 robe (worn)
Jewellery
 d - an amulet of magic regeneration
 q - an amulet of faith (around neck)
 t - a +6 ring of strength (left hand)
 y - a +5 ring of evasion (right hand)
 B - a +4 ring of slaying
Talismans
 n - a beast talisman
 z - a storm talisman
Scrolls
 c - 4 scrolls of teleportation {unknown}
 f - a scroll of immolation {unknown}
 i - 2 scrolls of poison {unknown}
 j - 3 scrolls of identify {unknown}
 l - a scroll of vulnerability {unknown}
 o - a scroll of acquirement {unknown}
 p - a scroll of brand weapon {unknown}
 s - 2 scrolls of blinking {unknown}
 F - a scroll of fear {unknown}
 G - a scroll of enchant armour {unknown}
Potions
 e - 2 potions of lignification {unknown}
 g - a potion of berserk rage {unknown}
 h - 2 potions of curing
 r - 2 potions of degeneration {unknown}
 u - 2 potions of might {unknown}
 w - 2 potions of attraction {unknown}
 A - a potion of mutation {unknown}
 C - a potion of heal wounds {unknown}
 E - a potion of enlightenment {unknown}


   Skills:
 * Level 13.0 Fighting
 + Level 6.7 Maces & Flails
 + Level 6.7 Dodging


You had 8 spell levels left.
You didn't know any spells.
Your spell library was empty.

Dungeon Overview and Level Annotations

Branches:
Dungeon (8/15)             Temple (0/1) D:6
   Lair: D:8-11

Altars:
Ashenzari
Fedhas
Nemelex Xobeh
Qazlal
Ru
Trog
Uskayaw
The Shining One

Shops:
D:2 [   D:5 (   D:6 !

Annotations:
D:8 Erica, Psyche


Innate Abilities, Weirdness & Mutations

You are too large for most types of armour.
You have tough skin. (AC +1)


Message History

The worldbinder calls forth creatures from the Swamp!
The worldbinder completely misses you. The worldbinder hits you.
* * * LOW HITPOINT WARNING * * *
You feel extremely sick.
The worldbinder calls forth creatures from the Spider Nest!
The worldbinder hits you.
* * * LOW HITPOINT WARNING * * *
The worldbinder barely misses you.
You feel very sick. The worldbinder barely misses you.
The worldbinder closely misses you. x2
The worldbinder hits you.
* * * LOW HITPOINT WARNING * * *
The worldbinder hits you.
* * * LOW HITPOINT WARNING * * *
The worldbinder hits you.
* * * LOW HITPOINT WARNING * * *
The worldbinder hits you.
* * * LOW HITPOINT WARNING * * *
The worldbinder hits you.
* * * LOW HITPOINT WARNING * * *
* * * LOW HITPOINT WARNING * * *
You feel very sick.
The wolf spider disappears in a puff of smoke!
The worldbinder hits you.
* * * LOW HITPOINT WARNING * * *
The worldbinder misses you.
The worldbinder calls forth creatures from the Swamp!
* * * LOW HITPOINT WARNING * * *
You feel very sick. The worldbinder hits you.
* * * LOW HITPOINT WARNING * * *
The worldbinder completely misses you. The worldbinder misses you. x2
The worldbinder closely misses you. The worldbinder completely misses you.
The worldbinder closely misses you. The worldbinder misses you.
A tentacled starspawn comes into view.
* * * LOW HITPOINT WARNING * * *
You feel very sick.
The wolf spider disappears in a puff of smoke!
The worldbinder hits you.
You die...

#.. ##... #..
## # #...#.# #
.. # . # #.#
##..## ##.# .
. #.#
##...######..#
#.#..# #.. ##
.### ##.#####
##. #.##§#@#
#. .#
#.#.sx#xnX...#
# ###
##..X§###.#..#
##...# ..
#.#..... #..
.#.#..## . ##
.##..# ## #..#
..#


You could see a tentacled starspawn, a wolf spider (summoned), a large
abomination, 2 worldbinders and a bog body (summoned).

Vanquished Creatures
  Pikel (D:7)
  A wyvern (D:7)
  A steam dragon (D:6)
  A water moccasin (D:8)
  3 orc warriors
  2 sky beasts
  A black bear (D:6)
  An ice beast (D:8)
  2 ogres
  2 centaurs (D:6)
  3 lemures (D:7)
  A kobold brigand (D:6)
  A bullfrog (D:7)
  A scorpion (D:6)
  2 howler monkeys
  9 hounds
  A jelly (D:6)
  7 orc priests
  A gnoll bouda (D:7)
  5 iguanas
  4 orc wizards
  9 adders
  4 gnolls (D:7)
  2 white imps (D:5)
  2 ufetubi
  3 worms
  3 dart slugs
  31 orcs
  10 bats
  2 endoplasms (D:4)
  3 giant cockroaches
  3 goblins
  9 hobgoblins
  2 jackals (D:2)
  2 quokkas
  9 ball pythons
  2 frilled lizards
  7 kobolds
  3 rats (D:1)
156 creatures vanquished.

Notes
Turn   | Place    | Note
-------+----------+-------------------------------------------
     0 | D:1      | Grim the Ogre Berserker began the quest for the Orb.
     0 | D:1      | Reached XP level 1. HP: 24/24 MP: 1/1
   207 | D:1      | Reached XP level 2. HP: 31/33 MP: 2/2
   972 | D:2      | Reached XP level 3. HP: 41/41 MP: 3/3
   985 | D:2      | Reached skill level 5 in Fighting
  1174 | D:2      | Found Bajam's Antique Armour Emporium.
  1485 | D:2      | Reached XP level 4. HP: 48/50 MP: 4/4
  1615 | D:3      | You fall into a shaft and drop 1 floor!
  1629 | D:4      | Reached ** piety under Trog
  1722 | D:4      | Found a blossoming altar of Fedhas.
  1980 | D:3      | Found a glowing golden altar of the Shining One.
  2268 | D:3      | Reached XP level 5. HP: 59/59 MP: 5/5
  2353 | D:3      | Reached skill level 6 in Fighting
  2403 | D:3      | Identified the +1 leather armour of the Orb {rF+ rC- Regen+
                  | Str+3}
  2928 | D:4      | Reached XP level 6. HP: 68/68 MP: 6/6
  3212 | D:5      | Entered Level 5 of the Dungeon
  3224 | D:5      | Reached skill level 7 in Fighting
  3511 | D:5      | Reached XP level 7. HP: 79/79 MP: 7/7
  3544 | D:5      | Reached skill level 8 in Fighting
  3716 | D:5      | Found a bloodstained altar of Trog.
  3735 | D:5      | Found Uzi Uci's Antique Weapon Boutique.
  3743 | D:5      | Bought a runed morningstar for 182 gold pieces
  3769 | D:5      | Found a stormy altar of Qazlal.
  3963 | D:5      | Reached *** piety under Trog
  4773 | D:6      | Reached skill level 9 in Fighting
  4947 | D:6      | Found Vaco's Distillery.
  4975 | D:6      | Found a staircase to the Ecumenical Temple.
  5014 | D:6      | Reached XP level 8. HP: 59/92 MP: 8/8
  5167 | D:6      | Reached skill level 5 in Maces & Flails
  5167 | D:6      | Reached skill level 5 in Dodging
  5401 | D:6      | Reached skill level 10 in Fighting
  5650 | D:6      | Found a sparkling altar of Nemelex Xobeh.
  5812 | D:6      | Reached **** piety under Trog
  6057 | D:7      | Reached skill level 11 in Fighting
  6057 | D:7      | Reached XP level 9. HP: 105/105 MP: 9/9
  6295 | D:7      | Noticed Pikel
  6307 | D:7      | Killed Pikel
  6308 | D:7      | Reached skill level 12 in Fighting
  6581 | D:7      | Found a hide-covered altar of Uskayaw.
  6585 | D:7      | Found a broken altar of Ashenzari.
  6659 | D:7      | Found a sacrificial altar of Ru.
  7450 | D:8      | Noticed Erica
  7826 | D:8      | Reached skill level 13 in Fighting
  7830 | D:8      | Noticed Psyche
  7838 | Abyss:1  | Cast into level 1 of the Abyss (Psyche)
  7943 | Abyss:1  | Noticed a worldbinder
  7944 | Abyss:1  | Noticed a wolf spider
  7944 | Abyss:1  | Noticed a wolf spider
  7944 | Abyss:1  | Noticed a wolf spider
  7948 | Abyss:1  | Noticed a worldbinder
  7950 | Abyss:1  | Noticed a bog body
  7951 | Abyss:1  | Noticed a wolf spider
  7953 | Abyss:1  | Noticed a bog body
  7954 | Abyss:1  | Noticed a tentacled starspawn
  7954 | Abyss:1  | HP: 4/110 [poisoned by a wolf spider]
  7954 | Abyss:1  | Slain by a worldbinder

Illustrated notes

Levels and vault maps discovered:
D:1:      dpeg_arrival_houses_and_road, layout_basic
D:2:      cheibrodos_helix_gallery, layout_rooms, serial_shops,
          nicolae_shop_tiny_glass
D:3:      layout_basic, tso_metal_star
D:4:      layout_cave_pods, fedhas_ov_isle_minmay, chequers_serial_rivers_marsh,
          minmay_quantized
D:5:      layout_gridville, mainiacjoe_overflow_alcove_4,
          nicolae_qazlal_eye_of_the_storm, serial_shops,
          nicolae_shop_tiny_statue_garden, kennysheep_generic_room_3
D:6:      layout_gridville, nemelex_xobeh_ov_fountains_minmay,
          minmay_temple_entry_tees, serial_shops, shop
D:7:      layout_basic, mainiacjoe_overflow_cross_hatched, minitemple,
          uniq_pikel
D:8:      layout_basic, mainiacjoe_overflow_alcove_2, special_room
          [special_room_orc], uniq_psyche, uniq_erica
Abyss:1:  base:
D:7

Skill      XL: |  1  2  3  4  5  6  7  8  9 |
---------------+----------------------------+-----
Maces & Flails | 3 4 5 6 |  6.7
Dodging        | 3 4 5 6 |  6.7
Fighting       | 5 6 7 9 11 13 | 13.0

Action                     |  1- 3 |  4- 6 |  7- 9 || total
---------------------------+-------+-------+-------++-------
  Melee: Mace              |   110 |     7 |       ||   117
         Punch             |     2 |     1 |     4 ||     7
         Whip              |       |   168 |    31 ||   199
         Morningstar       |       |       |   222 ||   222
 Invoke: Berserk           |     2 |     3 |     6 ||    11
         Trog's Hand       |       |       |     2 ||     2
    Use: Potion            |       |       |     1 ||     1
 Armour: Animal skin       |    57 |    39 |    48 ||   144
         Robe              |       |       |     2 ||     2
  Dodge: Dodged            |    94 |    90 |   287 ||   471

Table legend: (Time is in decaauts)
 A = Elapsed time spent in this place.
 B = Non-inter-level travel time spent in this place.
 C = Inter-level travel time spent in this place.
 D = Time resting spent in this place.
 E = Time spent auto-exploring this place.
 F = Levels seen in this place.
 G = Mean time per level.
                   A        B        C        D        E       F      G
               +--------+--------+--------+--------+--------+-----+--------+
         Total |   8103 |   7904 |    199 |   2142 |   4539 |   9 |  900.3 |
       Dungeon |   7987 |   7788 |    199 |   2142 |   4539 |   8 |  998.4 |
         Abyss |    115 |    115 |      0 |      0 |      0 |   1 |  115.0 |
               +--------+--------+--------+--------+--------+-----+--------+

Top non-repeatable levels by time:
     D:7: 1510 daAuts
     D:6: 1438 daAuts
     D:5: 1400 daAuts
     D:4: 939 daAuts
     D:1: 872 daAuts
     D:2: 749 daAuts
     D:3: 693 daAuts
     D:8: 382 daAuts
 Abyss:1: 115 daAuts
